 Dungeon Crawl Stone Soup version 0.17-a0-1642-gd4b747b (webtiles) character file.

24 KINGKRU the Sneak (level 2, -1/11 HPs)
             Began as a Felid Ice Elementalist on Aug 11, 2015.
             Was an Initiate of Fedhas.
             Slain by a jackal (2 damage)
             ... on level 2 of the Dungeon.
             The game lasted 00:08:50 (1087 turns).

KINGKRU the Sneak (Felid Ice Elementalist)          Turns: 1087, Time: 00:08:50

Health: -1/11      AC:  1    Str:  4    XL:     2   Next: 79%
Magic:  1/6        EV: 18    Int: 16    God:    Fedhas [......]
Gold:   24         SH:  0    Dex: 16    Spells: 1 memorised, 4 levels left
                                        Lives:  0   Deaths: 0

rFire  . . .     SeeInvis +     (weapon unavailable)
rCold  . . .     Clarity  .     (armour unavailable)
rNeg   . . .     SustAt   .     (shield unavailable)
rPois  .         Gourm    .     (helmet unavailable)
rElec  .         Spirit   .     (cloak unavailable)
rCorr  .         Warding  .     (gloves unavailable)
rMut   .         Stasis   .     (boots unavailable)
MR     .....                    (no amulet)
Stlth  +++.......               (no ring)
                                (no ring)

@: quick, not resistant to hostile enchantments, fairly stealthy
A: no armour, no weapons or thrown items, claws 1, fangs 3, see invisible,
carnivore 3, speed 1, shaggy fur 1, slow metabolism 1, sharp paws
a: Renounce Religion


You were on level 2 of the Dungeon.
You worshipped Fedhas.
Fedhas was noncommittal.
You were not hungry.

You visited 1 branch of the dungeon, and saw 2 of its levels.

You collected 24 gold pieces.

Inventory:

Books
 a - a book of Frost

   Spells                             Type                      Level
   a - Freeze                         Ice                          1
   b - Throw Frost                    Conjuration/Ice              2
   c - Ozocubu's Armour               Charms/Ice                   3
   d - Throw Icicle                   Conjuration/Ice              4
   e - Summon Ice Beast               Ice/Summoning                4
   f - Condensation Shield            Ice                          4
Comestibles
 b - 2 meat rations


   Skills:
 + Level 2.9 Dodging
 + Level 3.1 Stealth
 + Level 2.3 Spellcasting
   Level 0.8 Conjurations
 + Level 3.1 Ice Magic


You had 4 spell levels left.
You knew the following spells:

 Your Spells              Type           Power        Failure   Level  Hunger
a - Freeze                Ice            ##..         8%          1    #......


Dungeon Overview and Level Annotations

Branches:
Dungeon (2/15)

Altars:
Fedhas


Innate Abilities, Weirdness & Mutations

You cannot wear armour.
You are incapable of wielding weapons or throwing items.
You have sharp claws.
You have razor-sharp teeth.
You have supernaturally acute eyesight.
You are carnivorous and can eat meat at any time.
You cover ground quickly.
You are covered in fur (AC +1).
You have a slow metabolism.
Your sharp claws are effective at attacking unaware monsters.


Message History

The jackal completely misses you.
You scratch the jackal. You bite the jackal.
The jackal is severely wounded.
The jackal completely misses you. The jackal bites you.
* * * LOW HITPOINT WARNING * * *
You scratch the jackal.
You kill the jackal!
The jackal barely misses you. The jackal completely misses you.
Things that are here:
a jackal corpse x2
The jackal closely misses you.
Found 10 gold pieces.
The jackal barely misses you.
Your magical contamination has completely faded away.
The jackal bites you.
* * * LOW HITPOINT WARNING * * *
The jackal bites you.
You die...
Fedhas appreciates your contribution to the ecosystem.

##.... ###
##..#####..... #..
..... ........ #.#
#..####...... #.#
#..##........
##.####.....# #.... #.
...........# #..K.
#.###.# #.....###.#..
#.#..@#
#...K......###P.?
#.....# #w#..##.#.#..
#.....# #.#..........
##....[####.#?.........
#.........w.######..##.
#.##.######## #..# # #.
#. ...# . #. ....


You could see a jackal.

Vanquished Creatures
  An adder (D:2)
  A goblin (D:2)
  2 hobgoblins (D:1)
  2 jackals (D:2)
  3 bats
  2 giant cockroaches
  A quokka (D:2)
  2 rats (D:1)
14 creatures vanquished.

Vanquished Creatures (others)
  2 toadstools (D:2)
2 creatures vanquished.

Grand Total: 16 creatures vanquished

Notes
Turn   | Place    | Note
--------------------------------------------------------------
     0 | D:1      | KINGKRU the Felid Ice Elementalist began the quest for the Orb.
     0 | D:1      | Reached XP level 1. HP: 7/7 MP: 4/4
   305 | D:2      | Reached skill level 3 in Stealth
   305 | D:2      | Reached XP level 2. HP: 1/11 MP: 0/6
   655 | D:2      | Found a blossoming altar of Fedhas.
   662 | D:2      | Became a worshipper of Fedhas Madash
  1087 | D:2      | Slain by a jackal

Vault maps used:
D:1:      lightli_arrival_statuegarden, serial_forest,
          infiniplex_forest_lined_ring, infiniplex_forest_clump_double,
          infiniplex_forest_lined_2, infiniplex_forest_pool,
          infiniplex_forest_straight_4, infiniplex_forest_corner_1,
          infiniplex_forest_lined_2, infiniplex_forest_lined_room_2,
          serial_bayou_lagoon_a
D:2:      fedhas_altar_2

Action                   || total
-------------------------++-------
Melee: Unarmed           ||    13
 Cast: Freeze            ||    24
  Use: Scroll            ||     1
